 Dungeon Crawl Stone Soup version 0.30-a0-166-g5d06c95188 (webtiles) character file.

Game seed: 8743301499301023383

473 qw the Chopper (level 7, -1/43 HPs)
             Began as a Gargoyle Fighter on Sept 28, 2022.
             Frozen to death by an endoplasm (5 damage)
             ... on level 4 of the Dungeon.
             The game lasted 00:01:30 (3691 turns).

qw the Chopper (Gargoyle Fighter)                   Turns: 3691, Time: 00:01:30

Health: -1/43      AC: 19    Str: 22    XL:     7   Next: 10%
Magic:  7/7        EV:  7    Int:  8    God:
Gold:   190        SH:  4    Dex:  9    Spells: 6/6 levels left

rFire   + . .      SeeInvis .    Y - +0 war axe
rCold   . . .      Faith    .    c - +0 buckler
rNeg    + . .      Spirit   .    f - +4 chain mail {rF+}
rPois   inf        Reflect  .    (no helmet)
rElec   +          Harm     .    (no cloak)
rCorr   .          Rampage  .    j - +0 pair of gloves
Will    .....                    (no boots)
Stlth   ..........               (no amulet)
HPRegen 0.14/turn                (no ring)
MPRegen 0.10/turn                (no ring)

@: about to teleport, weakened
A: sickness immunity, AC +4, negative energy resistance 1, electricity
resistance, torment resistance 1, petrification resistance
a: no special abilities


You were on level 4 of the Dungeon.
You visited 1 branch of the dungeon, and saw 4 of its levels.

You collected 190 gold pieces.


Innate Abilities, Weirdness & Mutations

You are immune to sickness and miasma.
Your stone body is resilient. (AC +4)
You are immune to poison.
You resist negative energy. (rN+)
You are resistant to electric shocks. (rElec)
You are resistant to unholy torment.
You are immune to petrification.


   Skills:
 - Level 4.0 Fighting
 + Level 6.2 Axes
 - Level 3.2 Armour
 - Level 1.4 Dodging
 - Level 3.2 Shields


You had 6 spell levels left.
You didn't know any spells.
Your spell library was empty.

Inventory:

Hand Weapons
 e - a +0 flail
 Y - a +0 war axe (weapon)
Armour
 c - a +0 buckler (worn)
 f - a +4 chain mail of fire resistance (worn)
 i - a +1 pair of boots
 j - a +0 pair of gloves (worn)
Jewellery
 b - a ring of see invisible
Scrolls
 h - a scroll of blinking {unknown}
 m - a scroll of identify
Potions
 a - 2 potions of mutation {unknown}
 d - 3 potions of might
 g - 3 potions of curing
 k - 2 potions of degeneration {unknown}
 l - a potion of flight {unknown}
 o - a potion of lignification {unknown}

Dungeon Overview and Level Annotations

Branches:
Dungeon (4/15)
 Temple: D:4-7

Altars:


Message History

The gnoll bouda hits you but does no damage.
You completely miss the gnoll bouda.
The gnoll bouda is heavily wounded.
The gnoll bouda hits you with a +0 club!
You hit the gnoll bouda.
The gnoll bouda is heavily wounded.
You block the gnoll bouda's attack.
You hit the gnoll bouda but do no damage.
The gnoll bouda is heavily wounded.
The gnoll bouda hits you but does no damage.
You barely miss the gnoll bouda.
The gnoll bouda is heavily wounded.
The gnoll bouda hits you with a +0 club!
An endoplasm comes into view.
The gnoll bouda hits you but does no damage.
The endoplasm quivers.
You hit the gnoll bouda.
The gnoll bouda is heavily wounded.
The gnoll bouda barely misses you.
You hit the gnoll bouda.
The gnoll bouda is severely wounded.
The gnoll bouda gazes fiercely through you!
You feel as though you will be weak longer.
The gnoll bouda hits you with a +0 club.
You barely miss the gnoll bouda.
The gnoll bouda is severely wounded.
The gnoll bouda hits you with a +0 club!
3690 ||| READING scroll of teleportation.
As you read the scroll of teleportation, it crumbles to dust.
You feel strangely unstable.
The endoplasm hits you but does no damage.
The gnoll bouda gazes fiercely through you!
You feel as though you will be weak longer.
The gnoll bouda hits you with a +0 club.
You slash the gnoll bouda!
You kill the gnoll bouda!
You hit the endoplasm. The endoplasm freezes you.
You are frozen.
You die...

#.......###...## ###..##
##............## #...
####.......%..+ #...#
#...........# #..>
####...........######
....................#
...##...............#
....###.........)####
....# #.........@J####.h
....#.#....)....)....h...
.#......##.).....%.#..#..
##.##.####.........# ##
...######............#
...##..................
....##.#.......#....#...
.......#...#...#........
.#......#..##..##..##...


You could see an endoplasm and a jackal (wandering).

Vanquished Creatures
  Sigmund (D:2)
  A hound (D:4)
  3 jellies (D:4)
  A gnoll bouda (D:4)
  Terence (D:2)
  3 gnolls (D:4)
  5 adders
  A worm (D:2)
  A dart slug (D:1)
  12 orcs
  5 bats
  7 endoplasms
  4 giant cockroaches
  13 goblins
  5 hobgoblins
  4 jackals
  2 quokkas
  6 ball pythons
  2 frilled lizards
  3 kobolds
  13 rats
93 creatures vanquished.

Vanquished Creatures (others)
  2 plants (D:3)
2 creatures vanquished.

Grand Total: 95 creatures vanquished

Notes
Turn   | Place    | Note
-------+----------+-------------------------------------------
     0 | D:1      | qw the Gargoyle Fighter began the quest for the Orb.
     0 | D:1      | Reached XP level 1. HP: 14/14 MP: 1/1
     0 | D:1      | 0 ||| qw: Version: 0.2-a-12-gaebbb33
     0 | D:1      | 0 ||| qw: Game counter: 941
     0 | D:1      | 0 ||| qw: Always use a shield: true
     0 | D:1      | 0 ||| qw: God list: Okawaru
     0 | D:1      | 0 ||| qw: Allow faded altars: false
     0 | D:1      | 0 ||| qw: Do Orc after D:15 true
     0 | D:1      | 0 ||| qw: Do second Lair branch before Depths: true
     0 | D:1      | 0 ||| qw: Lair rune preference: random
     0 | D:1      | 0 ||| qw: Plans: Normal, Zot:1-4, God:TSO, Crypt, Tomb,
                  | Pan, Slime:5, Hells, Abyss, Orb
     0 | D:1      | 0 ||| PLANNING D:1-11
   132 | D:1      | Reached skill level 2 in Axes
   200 | D:1      | Reached XP level 2. HP: 18/19 MP: 2/2
   328 | D:1      | Found a faded altar of an unknown god.
   554 | D:1      | 554 ||| Stepping ~*~*~tactically~*~*~ (hiding).
   698 | D:1      | 698 ||| Stepping ~*~*~tactically~*~*~ (stealth).
   700 | D:1      | 700 ||| Stepping ~*~*~tactically~*~*~ (stealth).
   704 | D:1      | 704 ||| Stepping ~*~*~tactically~*~*~ (stealth).
   729 | D:1      | Reached skill level 3 in Axes
   981 | D:1      | Reached XP level 3. HP: 23/23 MP: 3/3
  1119 | D:1      | 1119 ||| UPGRADING to +0 pair of gloves.
  1124 | D:1      | 1124 ||| READING scroll labelled FUXOYCH JIOTU.
  1127 | D:1      | 1127 ||| DRINKING 3 black potions.
  1330 | D:2      | Noticed Sigmund
  1331 | D:2      | 1331 ||| Stepping ~*~*~tactically~*~*~ (hiding).
  1334 | D:2      | 1334 ||| FLEEEEING.
  1335 | D:2      | 1335 ||| FLEEEEING.
  1357 | D:2      | Killed Sigmund
  1358 | D:2      | Reached skill level 5 in Axes
  1358 | D:2      | Reached XP level 4. HP: 20/28 MP: 4/4
  1358 | D:2      | Reached XP level 5. HP: 23/32 MP: 5/5
  1513 | D:2      | Noticed Terence
  1519 | D:2      | HP: 8/32 [goblin/+0 quarterstaff (5)]
  1521 | D:2      | Killed Terence
  1525 | D:2      | HP: 5/33 [goblin/+0 club (2)]
  1978 | D:2      | 1978 ||| Stepping ~*~*~tactically~*~*~ (hiding).
  1984 | D:2      | Reached XP level 6. HP: 38/38 MP: 6/6
  2013 | D:2      | 2013 ||| Stepping ~*~*~tactically~*~*~ (stealth).
  2381 | D:2      | 2381 ||| UPGRADING to +4 chain mail of fire resistance.
  2391 | D:2      | 2391 ||| DROPPING +0 scale mail.
  2392 | D:2      | 2392 ||| DROPPING ring of wizardry.
  2393 | D:2      | 2393 ||| DROPPING ring of flight.
  2394 | D:2      | 2394 ||| READING scroll labelled ROGUODW TOURA.
  2395 | D:2      | 2395 ||| READING 2 scrolls labelled NOUZ PADUINOG.
  2413 | D:3      | 2413 ||| STAIRDANCE
  2420 | D:3      | 2420 ||| STAIRDANCE
  2479 | D:3      | 2479 ||| Stepping ~*~*~tactically~*~*~ (stealth).
  2584 | D:3      | 2584 ||| FLEEEEING.
  2585 | D:3      | 2585 ||| FLEEEEING.
  2586 | D:3      | 2586 ||| STAIRDANCE
  2616 | D:2      | 2616 ||| READING scroll labelled MIBLIM NYCOC.
  2617 | D:2      | 2617 ||| READING scroll labelled NAOTRY MOLLILU.
  2859 | D:3      | 2859 ||| READING scroll labelled IVEAH HATU.
  2860 | D:3      | 2860 ||| READING scroll labelled OSKA ZONESETAS.
  2861 | D:3      | 2861 ||| READING 3 scrolls of identify.
  2861 | D:3      | 2861 ||| IDENTIFYING lumpy green potion
  2862 | D:3      | 2862 ||| READING 2 scrolls of identify.
  2862 | D:3      | 2862 ||| IDENTIFYING ruby potion
  2863 | D:3      | 2863 ||| DROPPING potion of ambrosia.
  3398 | D:4      | Reached skill level 6 in Axes
  3547 | D:4      | 3547 ||| Stepping ~*~*~tactically~*~*~ (stealth).
  3554 | D:4      | Reached skill level 1 in Dodging
  3554 | D:4      | Reached XP level 7. HP: 22/43 MP: 7/7
  3570 | D:4      | HP: 9/43 [gnoll bouda/+0 club (4)]
  3571 | D:4      | 3571 ||| READING 2 scrolls of teleportation.
  3572 | D:4      | 3572 ||| DRINKING potion of heal wounds.
  3652 | D:4      | 3652 ||| Stepping ~*~*~tactically~*~*~ (stealth).
  3658 | D:4      | 3658 ||| Stepping ~*~*~tactically~*~*~ (stealth).
  3660 | D:4      | 3660 ||| Stepping ~*~*~tactically~*~*~ (stealth).
  3663 | D:4      | 3663 ||| Stepping ~*~*~tactically~*~*~ (stealth).
  3665 | D:4      | 3665 ||| Stepping ~*~*~tactically~*~*~ (stealth).
  3689 | D:4      | HP: 8/43 [gnoll bouda/+0 club (8)]
  3690 | D:4      | 3690 ||| READING scroll of teleportation.
  3691 | D:4      | Frozen to death by an endoplasm

Levels and vault maps discovered:
D:1:      dpeg_arrival_leaves_temple_mockup, layout_loops_ring,
          hellmonk_ecumenical_altar_leap_of_faith, minmay_hedge_maze
D:2:      kennysheep_the_goblin_king, layout_loops_cross, uniq_terence,
          uniq_sigmund
D:3:      layout_rooms, serial_bayou_lagoon_b
D:4:      layout_cave_pools, minmay_door_square, hex_large, minmay_ogre_servants

Skill      XL: |  1  2  3  4  5  6 |
---------------+-------------------+-----
Axes           | 2 3 5 6 |  6.2
Fighting       | 4 |  4.0
Dodging        | 1 |  1.4
Armour         | |  3.2
Shields        | |  3.2

Action                   |  1- 3 |  4- 6 |  7- 9 || total
-------------------------+-------+-------+-------++-------
Melee: War axe           |    95 |   146 |    45 ||   286
  Use: Scroll            |     1 |     8 |     2 ||    11
       Potion            |     1 |       |     1 ||     2
Armor: Scale mail        |    52 |    27 |       ||    79
       Chain mail        |       |    69 |    23 ||    92
Dodge: Dodged            |    55 |    59 |    14 ||   128
Block: Buckler           |    13 |    25 |    12 ||    50

Table legend:
 A = Non-vault XP
 B = Vault XP
 C = Vault XP percentage of total XP
 D = Non-vault monster count
 E = Vault monster count
 F = Vault count percentage of total count
                 A         B        C        D         E       F
            +---------+---------+-------+---------+---------+-------
      Total |     454 |     264 |  36.8 |      84 |       9 |   9.7
            +---------+---------+-------+---------+---------+-------
        D:1 |      37 |       0 |   0.0 |      25 |       0 |   0.0
        D:2 |      53 |     264 |  83.3 |      25 |       9 |  26.5
        D:3 |      29 |       0 |   0.0 |       9 |       0 |   0.0
        D:4 |     335 |       0 |   0.0 |      25 |       0 |   0.0
            +---------+---------+-------+---------+---------+-------
